 Dungeon Sprint DCSS version 0.19.5 (webtiles) character file.

1278 Kagutsuchi the Fighter (level 8, -1/83 HPs)
             Began as a White Draconian Berserker on Mar 18, 2017.
             Was an Elder of Trog.
             Shot with a bolt by a yaktaur (24 damage)
             ... in the Dungeon (Sprint II: "The Violet Keep of Menkaure").
             The game lasted 00:03:56 (915 turns).

Kagutsuchi the Fighter (White Draconian Berserker)   Turns: 915, Time: 00:03:56

Health: -1/83      AC:  6    Str: 21    XL:     8   Next: 29%
Magic:  8/8        EV: 17    Int: 10    God:    Trog [****..]
Gold:   103        SH:  0    Dex: 12    Spells: 0 memorised, 7 levels left

rFire  . . .     SeeInvis .     b - +0 glaive
rCold  + . .     Gourm    .     (armour unavailable)
rNeg   . . .     Faith    .     (shield currently unavailable)
rPois  .         Spirit   .     (helmet restricted)
rElec  .         Reflect  .     (no cloak)
rCorr  .         Harm     .     (no gloves)
MR     .....     NoTele   +     (no boots)
Stlth  +.........               (no amulet)
                                (no ring)
                                m - +3 ring of intelligence

@: lethally poisoned (-1 -> -5), exhausted, slowed, very slow
A: breathe frost, unfitting armour, cold resistance 1, cold-blooded, AC +6
a: Breathe Frost, Berserk, Trog's Hand, Brothers in Arms, Burn Spellbooks,
Renounce Religion


You were in the Dungeon.
You worshipped Trog.
Trog was greatly pleased with you.
You were near starving.

You visited 1 branch You collected 972 gold pieces.
You spent 869 gold pieces at shops.

Inventory:

Hand Weapons
 a - a +0 falchion
 b - a +0 glaive (weapon)
Jewellery
 m - a +3 ring of intelligence (left hand)
Wands
 n - a wand of slowing (33/48)
Scrolls
 h - a scroll of blinking
Potions
 c - 3 potions of curing
 d - 4 potions of heal wounds
 e - a potion of haste
 f - 2 potions of magic
 g - a potion of berserk rage
 i - a potion of resistance
Comestibles
 j - a beef jerky
 k - a meat ration
 l - a bread ration


   Skills:
 + Level 12.1 Fighting
 + Level 11.2 Long Blades
 + Level 0.4 Polearms
 + Level 9.6 Dodging
 + Level 1.1 Stealth


You had 7 spell levels left.
You didn't know any spells.

Dungeon Overview and Level Annotations

Branches:
Dungeon (1/1)

Altars:
Dithmenos
Elyvilon
Fedhas
Gozag
Kikubaaqudgha
Makhleb
Nemelex Xobeh
Okawaru
Qazlal
Ru
Sif Muna
Trog
Uskayaw
Vehumet
Xom
Yredelemnul
Zin
The Shining One
Jiyva
Lugonu

Shops:
D :}(:(=![}%[[?!=}

Annotations:
D exclusion: oklob plant


Innate Abilities, Weirdness & Mutations

You can breathe waves of freezing cold.
You can buffet flying creatures when you breathe cold.
Your icy white scales are hard. (AC +6)
You cannot fit into any form of body armour.
Your flesh is cold resistant. (rC+)
You are cold-blooded and may be slowed by cold attacks.


Message History

The hornet misses you.
Your unstable footing causes you to fumble your attack.
You feel yourself speed up.
The hornet stings you but does no damage.
The hornet misses you.
The yaktaur shoots a bolt.
The bolt hits you! The hornet misses you.
You miss the hornet. The hornet completely misses you.
The yaktaur shoots a bolt.
The bolt hits you!!
You hear a splash.
You hit the hornet. You tail-slap the hornet.
The hornet is moderately wounded.
You are no longer berserk.
You are exhausted.
You feel yourself slow down. The hornet closely misses you.
The hornet stings you.
* * * LOW HITPOINT WARNING * * *
You are poisoned.
You feel as though you will be slow longer.
The yaktaur shoots a bolt.
The bolt hits you!!
You die...

.## ## ##. .## ##
#..#..# .# ##.).# ##..##
.# ###'###.##..# .# #
###.##.# #..# .# .#
.'.<.'## +..### .##.#
###.##.# #....###y..##▓▓
# #'###.##.(....@(c≈≈≈≈≈
###†.####≈§.....†#+#####
#.##..#≈≈≈≈≈§≈§§≈#..._._
##.#.##≈≈§≈≈≈≈≈.≈#.._._.
≈##'##≈≈≈§§≈≈§§≈≈#._._._
≈≈≈≈≈≈≈≈≈≈≈≈≈≈§≈≈#_._._.
+++#+++#≈§≈§≈≈≈§≈#._._._
≈≈§≈§ ##§≈≈###≈§#_._._.
≈≈≈§≈≈≈≈##§≈# #≈≈#._._..


You could see a yaktaur and a hornet.

Vanquished Creatures
  A siren (D)
  A polar bear (D)
  2 hippogriffs (D)
  A crocodile (D)
  A scorpion (D)
  4 worker ants (D)
  3 worms (D)
13 creatures vanquished.

Vanquished Creatures (collateral kills)
  2 polar bears (D)
2 creatures vanquished.

Vanquished Creatures (others)
  Menkaure (D)
  A crocodile (D)
2 creatures vanquished.

Grand Total: 17 creatures vanquished

Notes
Turn   | Place    | Note
-------+----------+-------------------------------------------
     0 | D        | Kagutsuchi the Draconian Berserker began the quest for the Orb.
     0 | D        | Reached XP level 1. HP: 19/19 MP: 1/1
     1 | D        | Noticed a hippogriff
     1 | D        | Noticed a hippogriff
     7 | D        | Killed a hippogriff
     7 | D        | Reached skill level 8 in Fighting
     7 | D        | Reached XP level 2. HP: 6/35 MP: 2/2
     7 | D        | Reached XP level 3. HP: 7/40 MP: 3/3
     7 | D        | Reached XP level 4. HP: 8/48 MP: 4/4
     7 | D        | Reached XP level 5. HP: 9/53 MP: 5/5
    12 | D        | Killed a hippogriff
    12 | D        | Reached skill level 9 in Fighting
    12 | D        | Reached XP level 6. HP: 6/64 MP: 6/6
    13 | D        | Killed Menkaure
   302 | D        | Noticed a siren
   308 | D        | Killed a siren
   308 | D        | Reached ** piety under Trog
   308 | D        | Reached skill level 11 in Fighting
   308 | D        | Your scales start taking on an icy white colour.
   308 | D        | Reached XP level 7. HP: 74/74 MP: 7/7
   308 | D        | Gained mutation: Your flesh is cold resistant. (rC+) [White Draconian growth]
   342 | D        | Reached skill level 10 in Long Blades
   350 | D        | Reached *** piety under Trog
   620 | D        | Noticed an ice statue
   627 | D        | Reached **** piety under Trog
   632 | D        | Found Paivisiq's Gadget Shop.
   635 | D        | Found Hewuen's Magic Scroll Boutique.
   635 | D        | Found Caasisey's Jewellery Boutique.
   635 | D        | Found Nieclad's Antique Armour Shop.
   637 | D        | Found Omaoxus's Food Shop.
   637 | D        | Found Escho's Gadget Boutique.
   638 | D        | Found Isoogur's Jewellery Boutique.
   638 | D        | Found Axo Cuse's Antique Weapon Shop.
   639 | D        | Found Kunol's Antique Weapon Shop.
   639 | D        | Found Cos Maba's Antique Armour Shop.
   639 | D        | Found Quinan's Gadget Boutique.
   640 | D        | Found Ossebus's Antique Armour Shop.
   640 | D        | Found Rycenluxt's Book Boutique.
   641 | D        | Found Itauvab's Distillery.
   641 | D        | Found Hely's Distillery.
   645 | D        | Noticed a hell hog
   646 | D        | Noticed a hell hog
   646 | D        | Noticed an oklob plant
   647 | D        | Found Semattog's Book Shoppe.
   649 | D        | Noticed a death yak
   807 | D        | Noticed a spiny frog
   809 | D        | Noticed a spiny frog
   812 | D        | Bought a glaive for 156 gold pieces
   823 | D        | Bought a potion of heal wounds for 50 gold pieces
   823 | D        | Bought a potion of curing for 30 gold pieces
   823 | D        | Bought a potion of resistance for 100 gold pieces
   823 | D        | Bought a potion of heal wounds for 50 gold pieces
   823 | D        | Bought a potion of heal wounds for 50 gold pieces
   829 | D        | Bought a potion of heal wounds for 60 gold pieces
   829 | D        | Bought a potion of curing for 36 gold pieces
   837 | D        | Bought a beef jerky for 19 gold pieces
   837 | D        | Bought a meat ration for 65 gold pieces
   837 | D        | Bought a bread ration for 65 gold pieces
   841 | D        | Bought a +3 ring of intelligence for 188 gold pieces
   879 | D        | Found a glowing golden altar of the Shining One.
   879 | D        | Found a radiant altar of Vehumet.
   879 | D        | Found an iron altar of Okawaru.
   880 | D        | Found a sparkling altar of Nemelex Xobeh.
   880 | D        | Found a glowing silver altar of Zin.
   880 | D        | Found a hide-covered altar of Uskayaw.
   887 | D        | Found a basalt altar of Yredelemnul.
   887 | D        | Found a bloodstained altar of Trog.
   887 | D        | Found a burning altar of Makhleb.
   887 | D        | Found an opulent altar of Gozag.
   888 | D        | Found a shimmering altar of Xom.
   888 | D        | Found a deep blue altar of Sif Muna.
   888 | D        | Found a corrupted altar of Lugonu.
   888 | D        | Found a blossoming altar of Fedhas.
   898 | D        | Found a sacrificial altar of Ru.
   898 | D        | Found an ancient bone altar of Kikubaaqudgha.
   898 | D        | Found a white marble altar of Elyvilon.
   899 | D        | Found a stormy altar of Qazlal.
   899 | D        | Found a viscous altar of Jiyva.
   899 | D        | Found a shadowy altar of Dithmenos.
   899 | D        | Noticed a polar bear
   900 | D        | Noticed a polar bear
   901 | D        | Noticed a polar bear
   906 | D        | Noticed a hornet
   907 | D        | Killed a polar bear
   907 | D        | Reached XP level 8. HP: 83/83 MP: 8/8
   908 | D        | Noticed a yaktaur
   908 | D        | Killed a polar bear
   911 | D        | Killed a polar bear
   911 | D        | Reached skill level 12 in Fighting
   911 | D        | Reached skill level 1 in Stealth
   915 | D        | Shot with a bolt by a yaktaur

Skill      XL: |  1  2  3  4  5  6  7  8 |
---------------+-------------------------+-----
Fighting       | 8 9 11 12 | 12.1
Long Blades    | 6 8 9 10 11 | 11.2
Dodging        | 6 7 8 9 |  9.6
Stealth        | 1 |  1.1
Polearms       | |  0.4

Action                   |  1- 3 |  4- 6 |  7- 9 || total
-------------------------+-------+-------+-------++-------
Melee: Falchion          |     5 |     8 |    38 ||    51
       Tailslap          |     3 |     3 |    12 ||    18
       Glaive            |       |       |     9 ||     9
Invok: Berserk           |     1 |     1 |     3 ||     5
       Brothers in Arms  |       |       |     1 ||     1
  Use: Potion            |       |       |     1 ||     1
 Stab: Sleeping          |       |       |     1 ||     1
  Eat: Bread ration      |       |       |     1 ||     1
Armor: Skin              |       |     3 |     5 ||     8
Dodge: Dodged            |     2 |     4 |    49 ||    55
       Rpst.: Falchion   |       |       |    12 ||    12
